[Event "Early-Titled-Tuesday-Blitz-September-05-2023"]
[Site "Chess.com"]
[Date "2023.09.05"]
[Round "3"]
[White "Indianlad"]
[Black "Kirill_Klukin"]
[Result "1-0"]
[WhiteElo "3065"]
[BlackElo "2802"]
[TimeControl "180+1"]
[EndTime "8:25:14 PDT"]
[Termination "Indianlad won by checkmate"]

1. g3 c5 2. Bg2 g6 3. e3 Bg7 4. Ne2 Nc6 5. d3 d5 6. Nd2 Nf6 7. a3 O-O 8. Rb1 Rb8 9. b4 b6 10. O-O Qd6 11. bxc5 bxc5 12. Rxb8 Nxb8 13. c4 Rd8 14. cxd5 Nxd5 15. Nc4 Qc7 16. Qc2 Be6 17. Bb2 Bxb2 18. Qxb2 Nb6 19. Ne5 f6 20. Nf4 Qxe5 21. Qxe5 fxe5 22. Nxe6 Rxd3 23. Nxc5 Rxa3 24. Rd1 Na6 25.
Ne6 h6 26. Bh3 Kf7 27. Rd8 g5 28. Rf8+ Kg6 29. Bf5+ Kh5 30. Ng7# 1-0

[Event "Early-Titled-Tuesday-Blitz-September-05-2023"]
[Site "Chess.com"]
[Date "2023.09.05"]
[Round "3"]
[White "dropstoneDP"]
[Black "vovachesss"]
[Result "1-0"]
[WhiteElo "3009"]
[BlackElo "2785"]
[TimeControl "180+1"]
[EndTime "8:25:24 PDT"]
[Termination "dropstoneDP won by checkmate"]

1. e4 c6 2. d4 d5 3. e5 Bf5 4. Nf3 e6 5. Be2 Ne7 6. c3 Ng6 7. O-O Nd7 8. Ne1 h5 9. a4 h4 10.
h3 Be7 11. Be3 f6 12. f4 fxe5 13. fxe5 Bg5 14. Qc1 Bxe3+ 15. Qxe3 Qe7 16. a5 O-O-O 17. a6 b6 18. Nd2 Kb8 19. b4 Rdf8 20. Bd3 Rh5 21.
Bxf5 Rhxf5 22. Rxf5 Rxf5 23. Nd3 Rg5 24. Kh2 Rg3 25.
Nf3 Qf7 26. Rf1 Ne7 27. Nxh4 Rxh3+ 28. Qxh3 Qxf1 29. Qxe6 Qxd3 30. Qxe7 Qe4 31. Qd8# 1-0

[Event "Early-Titled-Tuesday-Blitz-September-05-2023"]
[Site "Chess.com"]
[Date "2023.09.05"]
[Round "3"]
[White "nassimzrikem"]
[Black "santosalberto1987"]
[Result "0-1"]
[WhiteElo "2240"]
[BlackElo "2549"]
[TimeControl "180+1"]
[EndTime "8:25:26 PDT"]
[Termination "santosalberto1987 won by resignation"]

1. Nf3 d5 2. e3 Nf6 3. d4 c6 4. Bd3 Bg4 5. O-O Nbd7 6. Nbd2 e5 7. dxe5 Nxe5 8. Be2 Bxf3 9. Nxf3 Bd6 10. b3 Qe7 11. Bb2 Ne4 12. Rc1 O-O-O 13. Nd4 g6 14. f4 Nd7 15. f5 Ne5 16. c4 dxc4 17. bxc4 Qh4 18.
Rf4 Ng4 19. Bxg4 Bxf4 20. Qf3 Qxh2+ 21. Kf1 Nd2+ 22. Ke2 Nxf3 23. Bxf3 Rhe8 0-1

[Event "Early-Titled-Tuesday-Blitz-September-05-2023"]
[Site "Chess.com"]
[Date "2023.09.05"]
[Round "3"]
[White "merinasian"]
[Black "baki83"]
[Result "0-1"]
[WhiteElo "2443"]
[BlackElo "2833"]
[TimeControl "180+1"]
[EndTime "8:25:27 PDT"]
[Termination "baki83 won by resignation"]

1. d4 d5 2. Nf3 Nf6 3. g3 Bf5 4. Bg2 e6 5. c4 c6 6. Nc3 Bd6 7. Qb3 Qc8 8. O-O Nbd7 9. Nh4 Bg6 10. Nxg6 hxg6 11. e4 dxe4 12. Nxe4 Nxe4 13. Bxe4 e5 14. dxe5 Nc5 15. Qc2 Qh3 16. Re1 Nxe4 17. Qxe4 Qxh2+ 18. Kf1 Qh1+ 19. Qxh1 Rxh1+ 20. Ke2 Rxe1+ 21. Kxe1 Bxe5 22. Kd1 O-O-O+ 23. Kc2 Bd4 24. f3 Rh8 25. Bd2 Rh3 26. Rd1 Rxg3 27. b3 Rxf3 0-1

[Event "Early-Titled-Tuesday-Blitz-September-05-2023"]
[Site "Chess.com"]
[Date "2023.09.05"]
[Round "3"]
[White "realburq"]
[Black "Shockerlover"]
[Result "1-0"]
[WhiteElo "2391"]
[BlackElo "1970"]
[TimeControl "180+1"]
[EndTime "8:25:28 PDT"]
[Termination "realburq won by resignation"]

1. Nf3 c6 2. b3 d5 3. Bb2 Nf6 4. g3 Bg4 5. Bg2 e6 6. O-O Bc5 7. c4 O-O 8. d3 dxc4 9. dxc4 Qe7 10. Nbd2 Rd8 11. Qc1 Na6 12. a3 Rd7 13. Ne5 Bd4 14.
Nxd7 Bxb2 15. Qxb2 Qxd7 16. Rfe1 Rd8 17. Nf3 Bxf3 18.
Bxf3 Qd2 19. Qxd2 Rxd2 20. Red1 Rxd1+ 21. Rxd1 g6 22. b4 Nc7 23. Rd8+ Kg7 24. Rb8 b5 25. c5 Ncd5 26. Bxd5 exd5 27. Rc8 1-0

[Event "Early-Titled-Tuesday-Blitz-September-05-2023"]
[Site "Chess.com"]
[Date "2023.09.05"]
[Round "3"]
[White "ViIIagra"]
[Black "CristianS27"]
[Result "1-0"]
[WhiteElo "2941"]
[BlackElo "2512"]
[TimeControl "180+1"]
[EndTime "8:25:29 PDT"]
[Termination "ViIIagra won by resignation"]

1. d4 Nf6 2. Nd2 g6 3. e4 d6 4. Ngf3 Bg7 5. Bb5+ c6 6. Bd3 O-O 7. O-O Nbd7 8. c3 e5 9. Re1 Re8 10. Nf1 d5 11. Ng3 exd4 12. e5 Ne4 13. cxd4 Nxg3 14. hxg3 c5 15. Bf4 cxd4 16. b4 Nf8 17. Nxd4 Ne6 18.
Nf3 Bd7 19. a3 Nxf4 20. gxf4 Bg4 21. Be2 Rc8 22. Qd2 f6 23. Rad1 fxe5 24. Nxe5 Bxe2 25. Rxe2 g5 26. Qa2 1-0

[Event "Early-Titled-Tuesday-Blitz-September-05-2023"]
[Site "Chess.com"]
[Date "2023.09.05"]
[Round "3"]
[White "Duong57"]
[Black "hakanazeri2"]
[Result "1-0"]
[WhiteElo "2471"]
[BlackElo "2610"]
[TimeControl "180+1"]
[EndTime "8:25:33 PDT"]
[Termination "Duong57 won by resignation"]

1. d4 Nf6 2. c4 e6 3. Nc3 Bb4 4.
Qc2 d5 5. cxd5 exd5 6. Bg5 O-O 7.
e3 c6 8. Bd3 h6 9. Bh4 Nbd7 10.
Nf3 Re8 11. O-O Qa5 12. a3 Bxc3 13. bxc3 Ne4 14. c4 Ndf6 15. c5 Bf5 16. Ne5 g5 17. Bg3 Nxg3 18. fxg3 Bxd3 19. Qxd3 Rxe5 20. Rxf6 Re4 21.
Raf1 Rf8 22. Rxh6 Rfe8 23. Qe2 g4 24. Qf2 1-0

[Event "Early-Titled-Tuesday-Blitz-September-05-2023"]
[Site "Chess.com"]
[Date "2023.09.05"]
[Round "3"]
[White "Markov_Mikhail"]
[Black "XDPS"]
[Result "0-1"]
[WhiteElo "2647"]
[BlackElo "2866"]
[TimeControl "180+1"]
[EndTime "8:25:35 PDT"]
[Termination "XDPS won on time"]

1. c4 c6 2. Nf3 d5 3. Nc3 Nf6 4. e3 e6 5. d4 Nbd7 6. Bd3 Be7 7. O-O O-O 8. b3 b6 9. Qe2 Bb7 10. e4 dxe4 11. Nxe4 c5 12. Bb2 Qc7 13. Rfd1 Rad8 14.
h3 h6 15. Rac1 Nh5 16. Bb1 Nf4 17. Qe3 f5 18. Ned2 Bf6 19. Nf1 Rfe8 20. h4 cxd4 21.
Bxd4 e5 22. Bc3 e4 23. Bxf6 Nxf6 24. Nd4 Ng4 25. Qe1 e3 26. Nxe3 Nxg2 27. Nb5 Qh2+ 0-1

[Event "Early-Titled-Tuesday-Blitz-September-05-2023"]
[Site "Chess.com"]
[Date "2023.09.05"]
[Round "3"]
[White "krstulov_alex"]
[Black "Sargsyan_Shant"]
[Result "0-1"]
[WhiteElo "2629"]
[BlackElo "2936"]
[TimeControl "180+1"]
[EndTime "8:25:35 PDT"]
[Termination "Sargsyan_Shant won on time"]

1. d4 g6 2. c4 Bg7 3. e4 d6 4.
Nc3 Nc6 5. d5 Ne5 6. f4 Nd7 7. Nf3 c6 8. Be3 Ngf6 9. Bd3 O-O 10. O-O Ng4 11. Qd2 Nxe3 12. Qxe3 Qb6 13. Qxb6 axb6 14.
Rfe1 Nc5 15. Bc2 Bg4 16. e5 Bxf3 17. gxf3 Nd7 18. Rad1 Rfd8 19. dxc6 bxc6 20. exd6 exd6 21. Rxd6 Nc5 22. Rxc6 Bxc3 23. bxc3 Rxa2 24. Re2 Ne6 25. c5 Nxf4 0-1

[Event "Early-Titled-Tuesday-Blitz-September-05-2023"]
[Site "Chess.com"]
[Date "2023.09.05"]
[Round "3"]
[White "Shield12"]
[Black "Dave_ChessMate"]
[Result "1-0"]
[WhiteElo "2954"]
[BlackElo "2732"]
[TimeControl "180+1"]
[EndTime "8:25:37 PDT"]
[Termination "Shield12 won by resignation"]

1. e4 c6 2. Nf3 d5 3. Nc3 dxe4 4.
Nxe4 Nf6 5. Qe2 Nxe4 6. Qxe4 Qd5 7. Qf4 Qf5 8. Qe3 Qe6 9. b3 Qxe3+ 10. fxe3 Bf5 11.
Bb2 Bxc2 12. d3 e5 13. Nxe5 Bb4+ 14. Ke2 f6 15. Nf3 Nd7 16. Rc1 Bxd3+ 17. Kxd3 O-O-O 18. Kc2 Rhe8 19. Bd3 Rxe3 20. Rcd1 g6 21. a3 Ba5 22. b4 Bc7 23. Rhe1 Rde8 24. Rxe3 Rxe3 25. h3 Bg3 26. Bd4 Re8 27. Nd2 a6 28. Ne4 Be5 29. Bf2 f5 30. Ng5 Bf4 31. Nf3 Nf6 32. Re1 Rd8 33. Bh4 Rd6 34.
g3 Bh6 35. Re7 Bf8 36. Rf7 Nd7 37. Rxh7 Re6 38. Bg5 c5 39. b5 a5 40. Bf4 b6 41. Ng5 Re8 42. Bc4 Be7 43. Be6 a4 44.
Bd6 Bxd6 45. Bxd7+ 1-0

[Event "Early-Titled-Tuesday-Blitz-September-05-2023"]
[Site "Chess.com"]
[Date "2023.09.05"]
[Round "3"]
[White "Sulthankan"]
[Black "rdarruda"]
[Result "0-1"]
[WhiteElo "2402"]
[BlackElo "2593"]
[TimeControl "180+1"]
[EndTime "8:25:47 PDT"]
[Termination "rdarruda won by resignation"]

1. d4 Nf6 2. c4 e5 3. dxe5 Ne4 4. a3 Nc6 5. Nf3 d6 6. Nbd2 Nxd2 7. Qxd2 dxe5 8. Qxd8+ Kxd8 9. e4 f6 10. Be3 Be6 11.
O-O-O+ Ke8 12. Bd3 Na5 13. Nd2 Be7 14. b4 Nc6 15. Nb3 a5 16. b5 Bxa3+ 17. Kb1 Nb8 18. Kc2 b6 19. Ra1 Be7 20. Rhc1 Nd7 21. Kb2 Kf7 22. Ra4 Rhd8 23. Be2 Rab8 24. Rc2 Rbc8 25.
Ra1 c6 26. c5 Bxb3 27. Kxb3 Bxc5 28. bxc6 Rxc6 29. Bb5 Rd6 30. Bxd7 Bxe3 31. fxe3 R8xd7 32. Rac1 Rd3+ 33. Kc4 0-1

[Event "Early-Titled-Tuesday-Blitz-September-05-2023"]
[Site "Chess.com"]
[Date "2023.09.05"]
[Round "3"]
[White "Witty_Alien"]
[Black "ShahMatKanal"]
[Result "0-1"]
[WhiteElo "2192"]
[BlackElo "2421"]
[TimeControl "180+1"]
[EndTime "8:25:51 PDT"]
[Termination "ShahMatKanal won by checkmate"]

1. e4 c5 2. Nf3 e6 3. d4 cxd4 4. c3 d3 5. Bxd3 Nc6 6. O-O d6 7. Re1 Be7 8. c4 Nf6 9. Nc3 O-O 10. b3 b6 11. Bb2 Bb7 12. Ng5 h6 13. Nh3 Rc8 14. Nf4 Ne5 15. Bc2 a6 16. Nh5 Neg4 17. h3 Nxh5 18. Qxg4 Nf6 19. Qg3 Rc5 20. Rad1 Rg5 21.
Qd3 Nh5 22. Nd5 exd5 23. exd5 Rxg2+ 24. Kh1 Rg6 25. Re6 Nf4 26. Rxg6 fxg6 27. Qf3 Qd7 28.
Kh2 Bf6 29. Qxf4 Bxb2 30. Qe4 Be5+ 31. Kg2 Bc8 32. Qxg6 Qxh3+ 33. Kg1 Bh2+ 34. Kh1 Bg3+ 35. Kg1 Bxf2# 0-1

[Event "Early-Titled-Tuesday-Blitz-September-05-2023"]
[Site "Chess.com"]
[Date "2023.09.05"]
[Round "3"]
[White "Polish_fighter3000"]
[Black "only_strong_moves"]
[Result "1-0"]
[WhiteElo "3086"]
[BlackElo "2520"]
[TimeControl "180+1"]
[EndTime "8:25:54 PDT"]
[Termination "Polish_fighter3000 won on time"]

1. b4 c6 2. Bb2 a5 3. a3 axb4 4. axb4 Rxa1 5. Bxa1 Qb6 6. c3 g6 7. c4 Nf6 8. Bxf6 exf6 9. b5 cxb5 10. cxb5 Qxb5 11.
e3 Qc6 12. Nf3 Bg7 13. Nd4 Qc7 14. Nc3 f5 15. Ndb5 Qc6 16. Nd5 Na6 17. Bc4 Be5 18. Qb3 Nc5 19. Qa2 Ne6 20. d4 Bd6 21. Na7 Bb4+ 22.
Nxb4 Qxg2 23. Bd5 Qh3 24. Nxc8 O-O 25. Nd6 f4 26. Kd2 fxe3+ 27. fxe3 Ng5 28. Kd3 Qg4 29. h4 1-0

[Event "Early-Titled-Tuesday-Blitz-September-05-2023"]
[Site "Chess.com"]
[Date "2023.09.05"]
[Round "3"]
[White "colegiodemadrid"]
[Black "qx4z"]
[Result "0-1"]
[WhiteElo "2461"]
[BlackElo "2835"]
[TimeControl "180+1"]
[EndTime "8:25:55 PDT"]
[Termination "qx4z won by resignation"]

1. e4 e5 2. Nf3 Nc6 3. Bc4 Nf6 4. d4 exd4 5. e5 d5 6. Bb5 Ne4 7. Nxd4 Bc5 8. O-O Bd7 9. Bxc6 bxc6 10. Nb3 Bb6 11. a4 Qh4 12. Qe1 a5 13. N1d2 Ng5 14.
Kh1 Bf5 15. c3 Bd3 16. f4 Qxe1 17. Rxe1 Bf2 18. Rg1 Bxg1 19. Kxg1 Ne4 20. Nf3 O-O 21. Nbd4 c5 22. Nf5 Rfe8 23. Ne3 c6 24. g3 Rab8 25. Ng4 Be2 26. Kg2 Bxf3+ 27. Kxf3 c4 28. Ra2 Nc5 29. Nf2 Nb3 30. Be3 c5 31. Ng4 d4 32. Bf2 h5 0-1

[Event "Early-Titled-Tuesday-Blitz-September-05-2023"]
[Site "Chess.com"]
[Date "2023.09.05"]
[Round "3"]
[White "WelshTiger"]
[Black "Alexander_Donchenko"]
[Result "0-1"]
[WhiteElo "2494"]
[BlackElo "2845"]
[TimeControl "180+1"]
[EndTime "8:25:57 PDT"]
[Termination "Alexander_Donchenko won by resignation"]

1. e4 e5 2. Nf3 Nc6 3. d4 exd4 4.
Bc4 Nf6 5. e5 Ne4 6. O-O Be7 7.
c3 d5 8. Bb5 dxc3 9. Nxc3 Nxc3 10. bxc3 O-O 11. Bf4 Bg4 12. h3 Bh5 13. Qd3 a6 14.
Ba4 b5 15. Bb3 Na5 16. Bxd5 c6 17. Be4 Qxd3 18. Bxd3 Rfd8 19. Be4 Bg6 20. Bxg6 hxg6 21.
a4 Nb3 22. Ra2 Nc5 23. axb5 cxb5 24. Nd4 Rdc8 25. Rfa1 Na4 26. Bd2 Bc5 27. Nb3 Bb6 28.
e6 fxe6 29. Re1 Rc6 30. Nd4 Bxd4 31. cxd4 Nb6 32. Bb4 Nc4 33. Bc5 a5 34. Rb1 Rb8 35. Rc2 Na3 0-1

[Event "Early-Titled-Tuesday-Blitz-September-05-2023"]
[Site "Chess.com"]
[Date "2023.09.05"]
[Round "3"]
[White "Bauman_Guy"]
[Black "the-gambler"]
[Result "1-0"]
[WhiteElo "2853"]
[BlackElo "2578"]
[TimeControl "180+1"]
[EndTime "8:25:58 PDT"]
[Termination "Bauman_Guy won by resignation"]

1. e4 Nf6 2. e5 Nd5 3. d4 d6 4.
Bc4 Nb6 5. Bb3 Bf5 6. Qf3 Qc8 7. Ne2 e6 8. Ng3 Bg6 9. exd6 cxd6 10. c3 Nc6 11. Nd2 d5 12. O-O Be7 13. Re1 O-O 14. Ndf1 Nc4 15. Ne3 b5 16. Ng4 Qd7 17. Re2 Rac8 18.
Bf4 b4 19. Rae1 bxc3 20. bxc3 N6a5 21. h3 Nxb3 22. axb3 Na5 23. Ne5 Qb5 24. b4 Nc4 25. Nxg6 hxg6 26. Qg4 Nd6 27. Re3 Rc6 28. h4 Nf5 29.
Nxf5 gxf5 30. Qg3 Kh7 31. Be5 Bf6 32. Qf3 Rh8 33. Bxf6 gxf6 34. Qh5+ 1-0

[Event "Early-Titled-Tuesday-Blitz-September-05-2023"]
[Site "Chess.com"]
[Date "2023.09.05"]
[Round "3"]
[White "MusicCityMaster"]
[Black "Speshka"]
[Result "1-0"]
[WhiteElo "2344"]
[BlackElo "2527"]
[TimeControl "180+1"]
[EndTime "8:25:58 PDT"]
[Termination "MusicCityMaster won by checkmate"]

1. e4 Nf6 2. e5 Nd5 3. c4 Nb6 4. a4 a5 5. Ra3 g6 6. d4 d6 7. exd6 cxd6 8. h4 h5 9. Rg3 Bg7 10. Bd3 Nc6 11. Ne2 Nb4 12. Be4 Nxc4 13. d5 Be5 14. f4 Bf6 15. Nbc3 Qb6 16. b3 Bf5 17. Bxf5 gxf5 18. bxc4 Rc8 19. Be3 Qc7 20. Bd4 Bxd4 21. Nxd4 Qxc4 22. Nxf5 Qxf4 23. Rf1 Qc4 24. Re3 Kd8 25. Qe2 Qb3 26. Kf2 Rxc3 27. Rxc3 Qxc3 28. Qxe7+ Kc8 29. Nxd6+ Kb8 30. Qxb7# 1-0

[Event "Early-Titled-Tuesday-Blitz-September-05-2023"]
[Site "Chess.com"]
[Date "2023.09.05"]
[Round "3"]
[White "ckgchess"]
[Black "Agibileg"]
[Result "1-0"]
[WhiteElo "2870"]
[BlackElo "2663"]
[TimeControl "180+1"]
[EndTime "8:25:59 PDT"]
[Termination "ckgchess won by resignation"]

1. e4 c5 2. c3 Nf6 3. e5 Nd5 4.
d4 cxd4 5. Bc4 e6 6. cxd4 d6 7. Nf3 Be7 8. O-O O-O 9. Qe2 b6 10. Bxd5 exd5 11. Rd1 Ba6 12. Qc2 Nd7 13. Nc3 Bb7 14. Bf4 dxe5 15. dxe5 Nc5 16. Nd4 Ne6 17. Be3 Qc7 18. Nf5 Rfd8 19. Rac1 Rac8 20. Qe2 Bc5 21. Bxc5 bxc5 22. Nd6 d4 23. Ncb5 Qc6 24. Nxb7 Qxb7 25. Nd6 Qd5 26. Nxc8 Nf4 27. Qg4 1-0

[Event "Early-Titled-Tuesday-Blitz-September-05-2023"]
[Site "Chess.com"]
[Date "2023.09.05"]
[Round "3"]
[White "GoltsevDmitry2000"]
[Black "AlexanderL"]
[Result "1/2-1/2"]
[WhiteElo "2658"]
[BlackElo "2853"]
[TimeControl "180+1"]
[EndTime "8:25:59 PDT"]
[Termination "Game drawn by agreement"]

1. e4 e5 2. Nf3 Nf6 3. Nxe5 Nxe4 4.
d3 Nf6 5. d4 Be7 6. Bd3 O-O 7.
O-O Nc6 8. Nxc6 dxc6 9. c3 c5 10.
dxc5 Bxc5 11. Bg5 Qd6 12. b4 Ng4 13. g3 Bb6 14. Na3 Qe5 15. Bf4 Qh5 16. h4 Nf6 17.
Qxh5 Nxh5 18. Be5 f6 19. Bd4 Bxd4 20. cxd4 Rd8 21. Be2 g6 22. Bxh5 gxh5 23. Rfd1 c6 24. b5 Be6 25. Rac1 Rd6 26. bxc6 bxc6 27. Nc4 Bxc4 28. Rxc4 Kf7 29. Ra4 Kg6 30. Rc1 Rb8 31.
Rxa7 Rb2 32. Ra3 Rd2 33. Ra4 Re6 34. Rc3 Re1+ 35. Kg2 Ree2 36. Rf3 Rxa2 37. Rxa2 Rxa2 38. Rc3 Rd2 39. Rxc6 Rxd4 1/2-1/2

[Event "Early-Titled-Tuesday-Blitz-September-05-2023"]
[Site "Chess.com"]
[Date "2023.09.05"]
[Round "3"]
[White "Dewarfd"]
[Black "Chernov_Mikhail"]
[Result "0-1"]
[WhiteElo "2142"]
[BlackElo "2418"]
[TimeControl "180+1"]
[EndTime "8:26:02 PDT"]
[Termination "Chernov_Mikhail won by resignation"]

1. d4 d5 2. e3 Nf6 3. Nf3 Nc6 4. c4 Bg4 5. cxd5 Nxd5 6. Nc3 e5 7.
Be2 exd4 8. exd4 Be7 9. O-O O-O 10. h3 Bh5 11. a3 Bf6 12. Ne4 Bxf3 13. Nxf6+ Nxf6 14. Bxf3 Qxd4 15. Qxd4 Nxd4 16. Bxb7 Rab8 17. Ba6 Nb3 18. Rb1 Rfd8 19. Be3 Ne4 20. Rbd1 c5 21. Bc4 Nbd2 22. Bf4 Rxb2 23. f3 Nc3 24. Bxd2 Rdxd2 25. Rde1 Rxg2+ 26. Kh1 Rh2+ 0-1

[Event "Early-Titled-Tuesday-Blitz-September-05-2023"]
[Site "Chess.com"]
[Date "2023.09.05"]
[Round "3"]
[White "taleslascando"]
[Black "emeli_chess"]
[Result "0-1"]
[WhiteElo "1952"]
[BlackElo "2386"]
[TimeControl "180+1"]
[EndTime "8:26:09 PDT"]
[Termination "emeli_chess won by resignation"]

1. e4 c5 2. Nf3 d6 3. d4 cxd4 4. Nxd4 Nf6 5. Nc3 a6 6. Be2 e6 7. O-O Be7 8. Be3 O-O 9. f4 Qc7 10. Bf3 Nc6 11. a4 Na5 12. Qd3 Rb8 13. Rad1 b6 14.
g4 Nd7 15. g5 Bb7 16. Bc1 g6 17. f5 Ne5 18. Qe2 Nxf3+ 19. Qxf3 exf5 20. Nxf5 gxf5 21.
Qxf5 Qc5+ 22. Qxc5 bxc5 23. h4 Nc4 24. b3 Ne5 25. Nd5 Bxd5 26. exd5 f6 27. Rde1 fxg5 28. hxg5 Rxf1+ 29. Rxf1 Rf8 30. Rxf8+ Kxf8 31. Kg2 Kf7 32.
Bd2 Kg6 33. c3 Bxg5 34. Be1 Kf5 35. b4 cxb4 36. cxb4 Ke4 37. b5 axb5 38. a5 Kxd5 39.
a6 Nc6 40. Bf2 b4 41. a7 Nxa7 42. Bxa7 b3 43. Be3 0-1

[Event "Early-Titled-Tuesday-Blitz-September-05-2023"]
[Site "Chess.com"]
[Date "2023.09.05"]
[Round "3"]
[White "Hoshka"]
[Black "GaiozNigalidze"]
[Result "0-1"]
[WhiteElo "2047"]
[BlackElo "2751"]
[TimeControl "180+1"]
[EndTime "8:26:10 PDT"]
[Termination "GaiozNigalidze won by resignation"]

1. d4 Nf6 2. c4 e6 3. g3 d5 4. Bg2 Bb4+ 5. Bd2 Be7 6. Nf3 O-O 7. O-O dxc4 8. Qc2 a6 9. Qxc4 b5 10. Qc2 Bb7 11. Rc1 Nbd7 12. Qxc7 Qxc7 13. Rxc7 Rab8 14. Ba5 Bd8 15. Nbd2 Bxc7 16. Bxc7 Rbc8 17. Bd6 Rfe8 18. Nb3 Bd5 19. Na5 Rc2 20. b4 Rec8 21. h3 Rxa2 22. Rxa2 Bxa2 23. e3 Bd5 24. Ne5 Bxg2 25.
Kxg2 Nxe5 26. Bxe5 Nd5 27. Bd6 Rc2 28. Kf3 f5 29. Bc5 Nc3 30. Kf4 Rxf2+ 31. Ke5 Rf3 32. Kxe6 Rxe3+ 33. Kxf5 Rxg3 34. h4 g6+ 35. Kf4 Rh3 36. Kg4 Rd3 37. Nc6 Nd5 38. h5 Kg7 39.
hxg6 hxg6 40. Nb8 Nxb4 41. Kf4 a5 42. Ke4 Rd1 43. Nd7 Re1+ 44. Kf4 Nd5+ 45. Kf3 b4 46. Bf8+ Kf7 47. Bh6 b3 48. Ne5+ Rxe5 49. dxe5 b2 0-1

[Event "Early-Titled-Tuesday-Blitz-September-05-2023"]
[Site "Chess.com"]
[Date "2023.09.05"]
[Round "3"]
[White "farzadbfd"]
[Black "WindWhistler11"]
[Result "1-0"]
[WhiteElo "2700"]
[BlackElo "2482"]
[TimeControl "180+1"]
[EndTime "8:26:12 PDT"]
[Termination "farzadbfd won by resignation"]

1. d4 Nf6 2. Nf3 e6 3. c4 c5 4. d5 exd5 5. cxd5 Bd6 6. Nc3 O-O 7. Bg5 Re8 8. e3 Bf8 9. Bc4 d6 10. O-O h6 11. Bh4 Bg4 12. a4 Nbd7 13. h3 Bh5 14. Re1 a6 15. g4 Bg6 16. Bd3 Qc7 17. Bxg6 fxg6 18. Bg3 Ne4 19. Nxe4 Rxe4 20. Qc2 Rae8 21.
Nd2 Rb4 22. Qxg6 Nf6 23. b3 Qf7 24. Qxf7+ Kxf7 25. Rad1 Ne4 26. Nxe4 Rexe4 27. f3 Re8 28. Rb1 Rb8 29. Rec1 b5 30. Be1 bxa4 31. Bxb4 Rxb4 32.
bxa4 Rxa4 33. Ra1 Rb4 34. Rcb1 Rb3 35. Rxb3 1-0

[Event "Early-Titled-Tuesday-Blitz-September-05-2023"]
[Site "Chess.com"]
[Date "2023.09.05"]
[Round "3"]
[White "HanSchut"]
[Black "Eloist"]
[Result "0-1"]
[WhiteElo "2250"]
[BlackElo "2437"]
[TimeControl "180+1"]
[EndTime "8:26:12 PDT"]
[Termination "Eloist won by resignation"]

1. e4 e6 2. d4 d5 3. e5 c5 4. c3 Qb6 5. Nf3 Bd7 6. Bd3 cxd4 7.
cxd4 Nc6 8. Bc2 Nb4 9. Nc3 Nxc2+ 10. Qxc2 Ne7 11. O-O Nf5 12. Be3 Be7 13. Rad1 O-O 14. a3 Rac8 15. Qd2 Rc4 16. g4 Nxe3 17. fxe3 Qb3 18.
Qg2 Bxa3 19. Nd2 Qxb2 20. Nxc4 dxc4 21. Nb1 Qxg2+ 22. Kxg2 Bc6+ 23. Kf2 Be7 24. Nc3 b5 25. d5 exd5 26. Nxd5 Bc5 27. Kf3 Re8 28. e4 Rxe5 29. Nc3 Kf8 30. Rd8+ Ke7 31. Rc8 Kd7 32. Rd1+ Kxc8 0-1

[Event "Early-Titled-Tuesday-Blitz-September-05-2023"]
[Site "Chess.com"]
[Date "2023.09.05"]
[Round "3"]
[White "ayanakhmetov"]
[Black "ilushka"]
[Result "1-0"]
[WhiteElo "2590"]
[BlackElo "2397"]
[TimeControl "180+1"]
[EndTime "8:26:13 PDT"]
[Termination "ayanakhmetov won on time"]

1. Nf3 d5 2. e3 g6 3. c4 c6 4. Nc3 Bg7 5. Qb3 e6 6. d4 Ne7 7. a4 a5 8. Be2 O-O 9. O-O Nd7 10. Rd1 Qb6 11. Qc2 Nf5 12. c5 Qc7 13. e4 dxe4 14. Nxe4 Nf6 15. Nxf6+ Bxf6 16. g3 b6 17. Bf4 Qa7 18. Ne5 Bb7 19. Nd7 Bg7 20.
cxb6 1-0

[Event "Early-Titled-Tuesday-Blitz-September-05-2023"]
[Site "Chess.com"]
[Date "2023.09.05"]
[Round "3"]
[White "Athanasios2"]
[Black "HansOnTwitch"]
[Result "0-1"]
[WhiteElo "2680"]
[BlackElo "3057"]
[TimeControl "180+1"]
[EndTime "8:26:15 PDT"]
[Termination "HansOnTwitch won by resignation"]

1. e4 c5 2. Nc3 Nc6 3. Nf3 g6 4. d4 cxd4 5. Nxd4 Bg7 6. Nde2 Nf6 7. g3 h5 8. h3 d6 9. Bg2 O-O 10. Be3 Bd7 11. O-O Rc8 12. Nd5 Ne5 13. b3 Bc6 14. c4 b6 15. Rc1 Bb7 16. Qd2 Nfd7 17.
Bd4 e6 18. Ne3 Nc5 19. Nc3 f5 20. Bxe5 dxe5 21. Qxd8 Rcxd8 22. exf5 Bxg2 23. Kxg2 gxf5 24. Rcd1 e4 25. Nb5 a6 26. Na3 Nd3 27. f3 f4 28.
gxf4 Nxf4+ 29. Kh1 Rxd1 30. Nxd1 Nxh3 31. Kg2 Nf4+ 32.
Kg3 Ne2+ 33. Kh4 exf3 34. Kxh5 Ng3+ 0-1

[Event "Early-Titled-Tuesday-Blitz-September-05-2023"]
[Site "Chess.com"]
[Date "2023.09.05"]
[Round "3"]
[White "secretsuperstar7"]
[Black "pouya21"]
[Result "1-0"]
[WhiteElo "2394"]
[BlackElo "2804"]
[TimeControl "180+1"]
[EndTime "8:26:15 PDT"]
[Termination "secretsuperstar7 won by resignation"]

1. c4 e6 2. Nc3 d5 3. e3 c5 4.
cxd5 exd5 5. d4 Nf6 6. Nf3 a6 7. Bd3 c4 8. Bc2 b5 9. h3 Bb7 10. O-O Be7 11. Ne5 Nbd7 12. f4 O-O 13.
Ne2 Ne4 14. Nc3 Ndf6 15. Bd2 Nxc3 16. Bxc3 Ne4 17. Be1 f6 18. Nf3 Bd6 19. Nd2 Nxd2 20. Qxd2 f5 21. Qe2 Qe7 22. Qf3 Rae8 23. Bf2 Qf7 24. Kh1 Bc8 25. a4 b4 26. a5 b3 27.
Bd1 Bb4 28. Be2 Bd7 29. g3 Re7 30. Qg2 Rfe8 31. Bf3 Bc6 32. g4 Bd2 33. Bh4 Bxe3 34. Bxe7 Rxe7 35. Rae1 g6 36. Re2 Qf6 37. Bxd5+ Bxd5 38. Qxd5+ Kg7 39. Rfe1 c3 40. Rxe3 Rxe3 41. Rxe3 cxb2 42.
Rxb3 fxg4 43. Qe5 1-0

[Event "Early-Titled-Tuesday-Blitz-September-05-2023"]
[Site "Chess.com"]
[Date "2023.09.05"]
[Round "3"]
[White "inagreV"]
[Black "nss13"]
[Result "0-1"]
[WhiteElo "2245"]
[BlackElo "2484"]
[TimeControl "180+1"]
[EndTime "8:26:15 PDT"]
[Termination "nss13 won by resignation"]

1. e4 c5 2. Nf3 e6 3. d4 cxd4 4. Nxd4 Nc6 5. Bf4 a6 6. Nxc6 bxc6 7. Bd3 d5 8. O-O Nf6 9. Nd2 Be7 10. Re1 O-O 11. e5 Nd7 12. c4 a5 13. Qc2 g6 14.
Rad1 Ba6 15. Bh6 Re8 16. Nf3 Nb6 17. c5 Bxd3 18. Rxd3 Nd7 19. Rc3 a4 20. Nd4 Qc7 21. f4 Ra5 22. b4 axb3 23. Nxb3 Ra4 24. f5 exf5 25. e6 fxe6 26. Rxe6 Re4 27. Re3 Kf7 28. R6xe4 fxe4 29. Rh3 Bf6 30. Qf2 Kg8 31. Bf4 Be5 32. Bxe5 Qxe5 33. Rxh7 Kxh7 34. Qf7+ Kh6 35.
Qxd7 e3 0-1

[Event "Early-Titled-Tuesday-Blitz-September-05-2023"]
[Site "Chess.com"]
[Date "2023.09.05"]
[Round "3"]
[White "I_am_Javi"]
[Black "shimastream"]
[Result "0-1"]
[WhiteElo "2745"]
[BlackElo "2964"]
[TimeControl "180+1"]
[EndTime "8:26:16 PDT"]
[Termination "shimastream won by resignation"]

1. e4 e5 2. Nf3 Qe7 3. Bc4 d6 4. Nc3 c6 5. h3 Nf6 6. d3 h6 7. Bb3 Nbd7 8. g4 Nc5 9. Be3 Qc7 10. Qe2 Be7 11. O-O-O a5 12. d4 Nxb3+ 13. axb3 b5 14. dxe5 dxe5 15. g5 hxg5 16. Nxg5 a4 17. bxa4 b4 18.
Qc4 O-O 19. Nb5 Qb8 20. Qxc6 Rxa4 21. Kb1 Bb7 22. Qc4 Qa8 23. Na7 Rxa7 24. Bxa7 Qxa7 25.
f3 Bc5 26. Qa2 Qb6 27. f4 Nxe4 28. Nxe4 Bxe4 29. Rhe1 b3 0-1